 Dungeon Crawl Stone Soup version 0.21.0-3-g78d12a8 (webtiles) character file.

75 myopia the Cudgeler (level 4, 0/26 HPs)
             Began as a Gargoyle Gladiator on Jan 13, 2018.
             Slain by a gnoll
             ... wielding a +0 spear
              (3 damage)
             ... on level 3 of the Dungeon.
             The game lasted 00:03:40 (1602 turns).

myopia the Cudgeler (Gargoyle Gladiator)            Turns: 1602, Time: 00:03:40

Health: 0/26       AC:  7    Str: 18    XL:     4   Next: 31%
Magic:  4/4        EV: 12    Int:  8    God:
Gold:   118        SH:  0    Dex: 12    Spells: 3/3 levels left

rFire    . . .     SeeInvis .   a - +0 flail
rCold    + . .     Gourm    .   (no shield)
rNeg     + . .     Faith    .   b - +0 leather armour
rPois    ∞         Spirit   .   c - +0 helmet
rElec    +         Reflect  .   (no cloak)
rCorr    +         Harm     .   (no gloves)
MR       .....                  (no boots)
Stlth    +.........             (no amulet)
HPRegen  0.08/turn              g - ring of resist corrosion
MPRegen  0.09/turn              v - ring of protection from cold

@: no status effects
A: negative energy resistance 1, electricity resistance, unbreathing,
petrification resistance, rot immunity, AC +3
a: no special abilities


You were on level 3 of the Dungeon.
You were not hungry.

You visited 1 branch of the dungeon, and saw 3 of its levels.

You collected 118 gold pieces.

Inventory:

Hand Weapons
 a - a +0 flail (weapon)
Armour
 b - a +0 leather armour (worn)
 c - a +0 helmet (worn)
Jewellery
 g - a ring of resist corrosion (left hand)
 n - an uncursed ring of poison resistance
 v - a ring of protection from cold (right hand)
Wands
 o - a wand of disintegration (19)
Scrolls
 h - 4 scrolls of remove curse {unknown}
 i - a scroll of identify {unknown}
 j - a scroll of enchant armour {unknown}
 k - 3 scrolls of enchant weapon {unknown}
 l - a scroll of fog {unknown}
 m - a scroll of magic mapping {unknown}
 p - 4 scrolls of fear {unknown}
 q - a scroll of teleportation {unknown}
Potions
 e - a potion of mutation {unknown}
 r - a potion of lignification {unknown}
 s - a potion of heal wounds {unknown}
 t - a potion of curing {unknown}
 u - a potion of resistance {unknown}
Books
 w - a book of Ice

   Spells                             Type                      Level
   a - Ice Form                       Ice/Transmutation            4
   b - Metabolic Englaciation         Hexes/Ice                    5
   c - Ozocubu's Refrigeration        Ice                          6
   d - Bolt of Cold                   Conjuration/Ice              6
   e - Freezing Cloud                 Conjuration/Ice/Air          6
   f - Simulacrum                     Ice/Necromancy               6
Comestibles
 f - 6 rations


   Skills:
 - Level 2.1 Fighting
 + Level 5.0 Maces & Flails
 - Level 1.7 Throwing
 - Level 2.4 Dodging


You had 3 spell levels left.
You didn't know any spells.

Dungeon Overview and Level Annotations

Branches:
Dungeon (3/15)

Altars:
Ashenzari
Uskayaw


Innate Abilities, Weirdness & Mutations

You are resistant to torment.
Your stone body is resilient. (AC +3)
You are immune to poison.
You resist negative energy. (rN+)
You are resistant to electric shocks. (rElec)
You can survive without breathing.
You are immune to petrification.
You are immune to rotting.


Message History

Aim: a gnoll, wielding a halberd (lightly wounded)
You throw a throwing net. The throwing net hits the gnoll.
The gnoll is caught in the net!
The gnoll is lightly wounded.
The gnoll hits you from afar with a spear.
The gnoll struggles against the net.
You sock the gnoll!
The gnoll is severely wounded.
The gnoll hits you but does no damage.
The gnoll struggles against the net.
You strike the helpless gnoll from behind!
You hit the gnoll.
The gnoll is almost dead.
The gnoll hits you from afar with a spear.
* * * LOW HITPOINT WARNING * * *
The gnoll struggles against the net.
You hit the gnoll.
You kill the gnoll!
Your Maces & Flails skill increases to level 5!
The gnoll hits you from afar with a spear.
You die...

#..# #..#
#####..#
#.>....#####.##
#.#..#....)....
#.#..########
#.##.#
#.##(#########..#
#.##...).@)gg...#
#.#############.#
#<#
#..............
#######)######.
#.# #.# #.# #.#


You could see 2 gnolls.

Vanquished Creatures
  A gnoll (D:3)
  2 adders (D:2)
  2 leopard geckos
  A ball python (D:1)
  5 giant cockroaches
  5 goblins
  7 hobgoblins
  6 bats
  2 frilled lizards (D:2)
  4 kobolds
  8 rats
43 creatures vanquished.

Notes
Turn   | Place    | Note
-------+----------+-------------------------------------------
     0 | D:1      | myopia the Gargoyle Gladiator began the quest for the Orb.
     0 | D:1      | Reached XP level 1. HP: 12/12 MP: 1/1
   150 | D:1      | Reached XP level 2. HP: 16/17 MP: 2/2
   572 | D:1      | Reached skill level 4 in Maces & Flails
   737 | D:2      | Reached XP level 3. HP: 17/21 MP: 3/3
  1155 | D:2      | Found a shattered altar of Ashenzari.
  1201 | D:2      | Reached XP level 4. HP: 26/26 MP: 4/4
  1371 | D:2      | Found a hide-covered altar of Uskayaw.
  1602 | D:3      | Reached skill level 5 in Maces & Flails
  1602 | D:3      | Slain by a gnoll

Skill      XL: |  1  2  3  4 |
---------------+-------------+-----
Maces & Flails | 4 5 |  5.0
Fighting       | |  2.1
Throwing       | |  1.7
Dodging        | |  2.4

Action                   |  1- 3 |  4- 6 || total
-------------------------+-------+-------++-------
Melee: Flail             |   122 |    30 ||   152
Throw: Throwing net      |       |     3 ||     3
 Stab: Sleeping          |     1 |       ||     1
       Held in net/web   |       |     1 ||     1
  Eat: Chunk             |     1 |     1 ||     2
Armor: Leather armour    |    48 |    10 ||    58
Dodge: Dodged            |   100 |    23 ||   123
